 Dungeon Crawl Stone Soup version 0.25-a0-41-g6cf4ce537d (webtiles) character file.

Game seed: 11195886221330709195, levelgen mode: deterministic

5 vurker the Magician (level 1, 0/13 HPs)
             Began as a Mummy Fire Elementalist on Oct 21, 2019.
             Slain by a jackal (2 damage)
             ... on level 1 of the Dungeon.
             The game lasted 00:00:48 (280 turns).

vurker the Magician (Mummy Fire Elementalist)        Turns: 280, Time: 00:00:49

Health: 0/13       AC:  2    Str: 11    XL:     1   Next: 66%
Magic:  1/4        EV: 12    Int: 14    God:
Gold:   16         SH:  0    Dex: 12    Spells: 4/5 levels left

rFire    x . .     SeeInvis .   b - +0 dagger
rCold    + . .     Gourm    .   (no shield)
rNeg     + + +     Faith    .   a - +0 robe
rPois    ∞         Spirit   .   (no helmet)
rElec    .         Reflect  .   (no cloak)
rCorr    .         Harm     .   (no gloves)
MR       .....                  (no boots)
Stlth    ++........             (no amulet)
HPRegen  0.04/turn              (no ring)
MPRegen  0.09/turn              (no ring)

@: no status effects
A: no food or potions, fire vulnerability, cold resistance 1, negative energy
resistance 3, torment resistance, unbreathing
a: no special abilities


You were on level 1 of the Dungeon.
You were not hungry.

You visited 1 branch of the dungeon, and saw 1 of its levels.

You collected 16 gold pieces.

Inventory:

Hand Weapons
 b - a +0 dagger (weapon)
   (You found it on level 1 of the Dungeon)
Armour
 a - a +0 robe (worn)


   Skills:
 + Level 0.2 Fighting
 - Level 1.5 Dodging
 - Level 1.5 Stealth
 * Level 2.9 Spellcasting
 * Level 1.0 Conjurations
 * Level 2.5 Fire Magic


You had 4 spell levels left.
You knew the following spells:

 Your Spells              Type           Power        Failure   Level  Hunger
a - Flame Tongue          Conj/Fire      #....        11%         1    N/A

Your spell library contained the following spells:

 Spells                   Type           Power        Failure   Level  Hunger
 Throw Flame              Conj/Fire      #.....       16%         2    N/A
 Conjure Flame            Conj/Fire      #.......     32%         3    N/A
 Inner Flame              Hex/Fire       #.......     36%         3    N/A
 Sticky Flame             Conj/Fire      #.......     71%         4    N/A
 Fireball                 Conj/Fire      #.........   96%         5    N/A

Dungeon Overview and Level Annotations

Branches:
Dungeon (1/15)

Altars:


Innate Abilities, Weirdness & Mutations

You do not eat or drink.
Your flesh is vulnerable to fire.
You are immune to poison.
Your flesh is cold resistant. (rC+)
You are immune to negative energy. (rN+++)
You are immune to unholy pain and torment.
You can survive without breathing.


Message History

Aim: a jackal You miscast Flame Tongue.
You are very lightly contaminated with residual magic.
Your bandages flutter.
The jackal bites you but does no damage.
Aim: a jackal The flame tongue hits the jackal but does no damage.
The jackal bites you.
Aim: a jackal The flame tongue hits the jackal.
You kill the jackal!
A jackal comes into view.
You can't see any susceptible monsters within range! (Use Z to cast anyway.)
The jackal barks!
You hear a bark! x2
Aim: a jackal The flame tongue hits the jackal.
The jackal closely misses you.
Unknown command.
You hit the jackal.
You kill the jackal!
You see here a jackal corpse.
A jackal comes into view.
The jackal barks!
You hear a bark!
You see here a jackal corpse.
Aim: a jackal The flame tongue misses the jackal.
The jackal bites you. x2
* * * LOW HITPOINT WARNING * * *
You hit the jackal. The jackal closely misses you.
You barely miss the jackal. The jackal misses you.
You completely miss the jackal. The jackal closely misses you.
The jackal bites you but does no damage.
You barely miss the jackal.
The jackal bites you but does no damage.
You hit the jackal.
You kill the jackal!
Your Conjurations skill increases to level 1!
The jackal closely misses you.
You don't have enough magic to cast that spell.
You closely miss the jackal.
The jackal bites you but does no damage.
You hit the jackal. The jackal bites you.
* * * LOW HITPOINT WARNING * * *
The jackal completely misses you.
You hit the jackal. The jackal closely misses you.
Your magical contamination has completely faded away.
You don't have enough magic to cast that spell.
You barely miss the jackal. The jackal closely misses you.
You closely miss the jackal. The jackal bites you.
* * * LOW HITPOINT WARNING * * *
The jackal bites you.
You die...

###########
#.....@h..#
#.#######.#
#.# #.# #
#.#
#.###$..#
#.#
#h.......
#.#
#.#######
#.# #.# #.#
#.# #.# #..


You could see a jackal.

Vanquished Creatures
  A giant cockroach (D:1)
  3 jackals (D:1)
4 creatures vanquished.

Notes
Turn   | Place    | Note
-------+----------+-------------------------------------------
     0 | D:1      | vurker the Mummy Fire Elementalist began the quest for the
                  | Orb.
     0 | D:1      | Reached XP level 1. HP: 13/13 MP: 4/4
   275 | D:1      | Reached skill level 1 in Conjurations
   280 | D:1      | Slain by a jackal

Levels and vault maps discovered:
D:1:      minmay_arrival_loop, layout_basic, skrybe_limestone_x,
          serial_bayou_pond_c, minmay_pentomino_x4

Skill      XL: |  1 |
---------------+----+-----
Conjurations   | 1 |  1.0
Fighting       | |  0.2
Dodging        | |  1.5
Stealth        | |  1.5
Spellcasting   | |  2.9
Fire Magic     | |  2.5

Action                   || total
-------------------------++-------
Melee: Dagger            ||    11
 Cast: Flame Tongue      ||     5
Armor: Robe              ||     4
Dodge: Dodged            ||     9

Table legend:
 A = Non-vault XP
 B = Vault XP
 C = Vault XP percentage of total XP
 D = Non-vault monster count
 E = Vault monster count
 F = Vault count percentage of total count
                 A         B        C        D         E       F
            +---------+---------+-------+---------+---------+-------
      Total |       8 |       0 |   0.0 |       4 |       0 |   0.0
            +---------+---------+-------+---------+---------+-------
        D:1 |       8 |       0 |   0.0 |       4 |       0 |   0.0
            +---------+---------+-------+---------+---------+-------
